 Dungeon Crawl Stone Soup version 0.18-a0-1497-g788d838 (webtiles) character file.

38 Ijustatesigmund the Insei (level 3, 0/24 HPs)
             Began as an Octopode Transmuter on Mar 4, 2016.
             Slain by a worm (6 damage)
             ... on level 2 of the Dungeon.
             The game lasted 00:02:45 (1272 turns).

Ijustatesigmund the Insei (Octopode Transmuter)     Turns: 1272, Time: 00:02:46

Health: 0/24       AC:  1    Str:  9    XL:     3   Next: 43%
Magic:  5/6        EV: 12    Int: 16    God:
Gold:   45         SH:  0    Dex: 12    Spells: 3 memorised, 0 levels left

rFire  . . .     SeeInvis +       - Unarmed
rCold  . . .     Gourm    .     (no shield)
rNeg   . . .     Faith    .     (helmet restricted)
rPois  .         Spirit   .     (no amulet)
rElec  .         Dismiss  .     e - ring of protection from magic
rCorr  .         Reflect  .     d - ring of see invisible
SustAt .         Harm     .     (no ring)
MR     +....                    (no ring)
Stlth  ++........               (no ring)
                                (no ring)
                                (no ring)
                                (no ring)

@: appendage, somewhat resistant to hostile enchantments, unstealthy
A: almost no armour, amphibious, 8 rings, constrict 8, tentacle spike 3,
camouflage 1, gelatinous body 1
a: End Transformation


You were on level 2 of the Dungeon.
You were very hungry.
One of your tentacles had a temporary spike.
You visited 1 branch of the dungeon, and saw 2 of its levels.

You collected 45 gold pieces.

Inventory:

Missiles
 a - 12 arrows
Jewellery
 d - a ring of see invisible (right tentacle)
 e - a ring of protection from magic (left tentacle)
Potions
 g - a potion of heal wounds
 h - a potion of might {unknown}
Books
 b - a book of Changes

   Spells                             Type                      Level
   a - Beastly Appendage              Transmutation                1
   b - Sticks to Snakes               Transmutation                2
   c - Spider Form                    Transmutation/Poison         3
   d - Ice Form                       Ice/Transmutation            4
   e - Blade Hands                    Transmutation                5
Comestibles
 c - a bread ration
 f - a meat ration


   Skills:
 + Level 2.2 Fighting
 - Level 2.0 Dodging
 + Level 3.6 Unarmed Combat
 - Level 2.0 Spellcasting
 - Level 2.0 Transmutations
 + Level 0.8 Poison Magic


You couldn't memorise any spells.
You knew the following spells:

 Your Spells              Type           Power        Failure   Level  Hunger
a - Beastly Appendage     Trmt           #.....       10%         1    #......
b - Sticks to Snakes      Trmt           #.......     14%         2    ###....
c - Spider Form           Trmt/Pois      #.........   38%         3    ###....


Dungeon Overview and Level Annotations

Branches:
Dungeon (2/15)

Altars:

Annotations:
D:2 Natasha


Innate Abilities, Weirdness & Mutations

You cannot wear most types of armour.
You are amphibious.
You can wear up to eight rings at the same time.
You can use your tentacles to constrict eight enemies at once.
Your skin changes colour to match your surroundings (Stealth).
Your rubbery body absorbs attacks (AC +1).
One of your tentacles bears a large vicious spike.


Message History

The ooze is severely wounded.
The ooze misses you.
You tentacle-slap the ooze.
You kill the ooze!
You see here a quokka corpse.
You tentacle-slap the worm. You grab the worm.
The worm is lightly wounded.
You constrict the worm. The worm bites you.
You tentacle-slap the worm.
The worm is moderately wounded.
You constrict the worm.
Cast which spell? (? or * to list) One of your tentacles grows a vicious spike.
You constrict the worm. The worm bites you!
* * * LOW HITPOINT WARNING * * *
A kobold comes into view.
You tentacle-slap the worm.
The worm is heavily wounded.
You constrict the worm. The worm bites you.
You die...

#########
........# ...
........# ###.K.
#
......(.##......
.w g.
.?>........#....
..##.
..$............
. .#g...#
...........# ..
..g...%
..........
....##.....
#h.... .. ...#..
..... .....#.
#.###.# ..g.g
....... .. ##.
#... .......


You could see a worm, a gnoll (wandering) and a kobold.

Vanquished Creatures
  2 oozes
  2 giant cockroaches (D:1)
  3 hobgoblins (D:1)
  4 jackals (D:1)
  A quokka (D:2)
  6 bats
  A giant newt (D:1)
  4 goblins (D:1)
  A kobold (D:1)
  4 rats (D:1)
28 creatures vanquished.

Notes
Turn   | Place    | Note
--------------------------------------------------------------
     0 | D:1      | Ijustatesigmund the Octopode Transmuter began the quest for the Orb.
     0 | D:1      | Reached XP level 1. HP: 13/13 MP: 3/3
   133 | D:1      | Reached XP level 2. HP: 12/18 MP: 5/5
   137 | D:1      | Learned a level 2 spell: Sticks to Snakes
   645 | D:1      | Reached XP level 3. HP: 21/24 MP: 6/6
   650 | D:1      | Learned a level 3 spell: Spider Form
  1181 | D:2      | Noticed Natasha
  1272 | D:2      | Slain by a worm

Vault maps used:
D:1:      dpeg_arrival_prison, serial_park_tiny_2,
          hangedman_abyss_or_decor_stabs, columned_hall_lemuel,
          minmay_stone_trees_small, minmay_statues_item
D:2:      first_bread, kennysheep_jessica_study, uniq_natasha, uniq_iyjb

Skill      XL: |  1  2  3 |
---------------+----------+-----
Fighting       | 2 |  2.2
Dodging        | |  2.0
Unarmed Combat | |  3.6
Spellcasting   | |  2.0
Transmutations | |  2.0
Poison Magic   | |  0.8

Action                   || total
-------------------------++-------
Melee: Unarmed           ||    64
 Cast: Beastly Appendage ||     1
  Use: Scroll            ||     1
 Stab: Sleeping          ||     4
